[Event "Swedish Championship 2022"]
[Site "Uppsala"]
[Date "2022.07.06"]
[Round "5.2"]
[White "Blomqvist, Erik"]
[Black "Cramling, Pia"]
[Result "1-0"]
[ECO "B67"]
[WhiteElo "2521"]
[BlackElo "2459"]
[Annotator "TA"]
[PlyCount "61"]
[EventDate "2022.07.01"]
[EventType "tourn"]
[EventCountry "SWE"]
[SourceTitle "playchess.com"]
[Source "ChessBase"]
[SourceQuality "1"]
[TimeControl "40/5400+30:1800+30"]

1. e4 c5 2. Nf3 d6 3. d4 cxd4 4. Nxd4 Nf6 5. Nc3 Nc6 6. Bg5 e6 7. Qd2 a6 8. O-O-O Bd7 9. Kb1 Be7 10. f3 Nxd4 {[%emt 0:03:32] outshines the older 10...Qc7. B67: Sicilian: Richter-Rauzer: 7...a6 8 0-0-0 Bd7, lines without 9 f4 Be7.} 11. Qxd4 Qc7 12. h4 Rc8 {[%emt 0:06:39] The position is equal.} 13. Qd2 b5 14. Ne2 b4 15. g4 O-O 16. Nd4 {[%emt 0:03:45] [#]} Rfd8 $146 ({Predecessor:} 16... d5 17. e5 {1-0 (17) Tate,A (2167)-Schmerwitz,R (1966) Glasgow 2008}) 17. Bd3 (17. Qxb4 e5 18. Bd3 exd4 $17) 17... Be8 (17... a5 $1 $11) 18. h5 $16 (18. Bxa6 Ra8 19. Be2 Rdc8 $11) (18. Qxb4 d5 19. Qe1 dxe4 20. Bxe4 a5 $11) 18... a5 19. Be3 {[%emt 0:03:30] White is more active.} ({White should try} 19. Qh2 $16 {Strongly threatening h6.} h6 20. Be3) 19... Nd7 $14 20. g5 Nc5 21. Qh2 (21. g6 $5) 21... a4 22. Bb5 (22. Bc4 $1 $11 {remains equal.}) 22... b3 ({Black should play} 22... e5 $17 23. Bxe8 (23. h6 $2 g6 $19) 23... exd4 24. Bxf7+ (24. h6 $2 g6 $19) 24... Kxf7 25. g6+ hxg6 26. hxg6+ Ke8 27. Rxd4 b3 28. axb3 axb3 29. cxb3 Qb8) 23. Bxe8 $11 Rxe8 24. g6 (24. a3 $11) 24... Bf6 $2 {[%emt 0:01:37][%mdl 8192] [#] Black cannot hold the game after this.} (24... bxa2+ $1 $15 {keeps the upper hand.} 25. Kxa2 a3) 25. Nb5 $18 {[%emt 0:00:26] The board is on fire.} (25. axb3 axb3 26. Nxb3 Nxb3 27. cxb3 Qb7 $11) 25... Qb8 (25... Qb7 26. gxf7+ Qxf7 27. Nxd6 Be5) 26. gxf7+ {[%emt 0:00:06] White is clearly winning.} Kxf7 27. Nxd6+ Kg8 {[%emt 0:00:04] [#] ( -> ...bxa2+)} 28. cxb3 axb3 29. a3 (29. Nxe8 Be5 30. Nf6+ Kh8 $11) 29... Bxb2 30. Bxc5 ({Don't blunder} 30. Kxb2 $2 Na4+ 31. Kb1 (31. Ka1 b2+ 32. Kb1 Nc3+ 33. Kc2 b1=Q+ 34. Rxb1 Nxb1+) 31... Rc2 $19) 30... Rxc5 31. Qxb2 {[%emt 0:00:15] Weighted Error Value: White=0.15 (very precise) /Black=0.55} 1-0

[Event "Swedish Championship 2022"]
[Site "Uppsala"]
[Date "2022.07.06"]
[Round "5.3"]
[White "Johansson, Linus"]
[Black "Hector, Jonny"]
[Result "1/2-1/2"]
[ECO "D17"]
[WhiteElo "2468"]
[BlackElo "2441"]
[Annotator "TA"]
[PlyCount "91"]
[EventDate "2022.07.01"]
[EventType "tourn"]
[EventCountry "SWE"]
[SourceTitle "playchess.com"]
[Source "ChessBase"]
[SourceQuality "1"]
[TimeControl "40/5400+30:1800+30"]

1. d4 d5 2. c4 c6 3. Nf3 Nf6 4. Nc3 dxc4 5. a4 Bf5 6. Ne5 Nbd7 7. Nxc4 Qc7 8. g3 e5 9. dxe5 Nxe5 10. Bf4 Nfd7 11. Bg2 Rd8 {[%emt 0:00:37][%cal Og7g5] D17: Slav Defence: 5 a4 Bf5: Lines with 6 Nh4 and 6 Ne5.} 12. O-O Be6 13. Nxe5 Nxe5 {[%emt 0:00:19] White is slightly better.} 14. Qc1 Qa5 {[%emt 0:01:17] [#]} 15. Nb5 $146 ({Predecessor:} 15. Rd1 Rxd1+ 16. Qxd1 Be7 17. Nb5 cxb5 18. Bxe5 O-O 19. Bxb7 bxa4 20. Bc3 Qc7 21. Be4 {0-1 (32) Belous,V (2529)-Reshef,O (2458) Charlotte 2019}) 15... f6 (15... cxb5 $2 16. Bxe5 Rd7 17. Qc8+ Ke7 18. b4 $18 (18. Bxb7 Rd5 $18)) 16. Bxe5 fxe5 17. Qg5 cxb5 $17 18. Qh5+ Bf7 ({Better is} 18... Ke7 $1 $17 {...b4 is the strong threat.} 19. Qxe5 Kf7 20. Bxb7 Bd6) 19. Qxe5+ $11 Be7 20. Qxg7 (20. Rfd1 $5 ) 20... Rg8 21. Qxh7 b4 22. Bxb7 (22. Rfd1 $11) 22... Bf6 (22... Qb6 $15 23. Be4 Bf6) 23. Rad1 Rxd1 24. Rxd1 {[%emt 0:00:18] The board is on fire.} Rh8 (24... Qe5 $1 $14) 25. Qe4+ $16 Kf8 26. Bd5 $1 {[%emt 0:01:42] aiming for Bxf7.} Qxa4 27. Rd3 Qb5 (27... Qa1+ $2 28. Kg2 Bxd5 29. Rxd5 Qxb2 30. Qe6 $18 (30. Rd7 Qe5 $16)) 28. Bxf7 Kxf7 29. Rd5 (29. h4 $14) 29... Qc6 $11 30. Qf5 {[%emt 0:01:47] Prevents Rh5. Strongly threatening Rd7+.} Ke7 {[%emt 0:04:54] [#] Prevents Rd7+.} (30... Re8 $11) 31. Rc5 (31. Re5+ $1 $18 {[%mdl 512] and White stays clearly on top.} Kf7 32. Rc5) 31... Qd6 $16 32. Qe4+ {[%emt 0:00:59][%mdl 1024] White has strong compensation.} Kf7 33. Qc4+ (33. Rc6 $14 Qe5 34. Qc4+ (34. Qxb4 Qxe2 35. Qb3+ Kg7 $11) 34... Kg6 35. Rc5 (35. Qg4+ Kf7 $16)) 33... Qe6 $1 $11 {[%emt 0:01:53] The position is equal.} (33... Kg7 34. Rc7+ Be7 35. Rxa7 $16 (35. Qg4+ Kh6 $16)) 34. Rc7+ Be7 {[%emt 0:00:03] Hoping for ...Qxc4.} 35. Qf4+ Kg6 36. Qd2 (36. Qd4 Rd8 37. Qf4 Bd6 38. Rg7+ Kxg7 $17) 36... Rd8 37. Qc2+ (37. Qc1 Qxe2 38. Qb1+ Kf6 39. Rc6+ Rd6 40. Rxd6+ Bxd6 $17) 37... Kh6 38. h4 b3 39. Qc1+ Kg6 (39... Kh5 40. Qf4 (40. Rxa7 Qe4 $11) 40... Kg6 41. Rxa7 $16) 40. Qb1+ Kh6 41. Qc1+ (41. Rxa7 Qxe2 42. Qc1+ Rd2 43. Qc6+ (43. Rxe7 $2 {leads to mate.} Qxf2+ 44. Kh1 Qh2#) 43... Bd6 $19) 41... Kg6 ({Don't play} 41... Kh5 42. Qf4 (42. Rxa7 Qxe2 43. Qf4 Rf8 $11) 42... Kg6 43. Rxa7 $16) 42. Qf4 Rf8 43. Qd2 Rd8 44. Qf4 Rf8 45. Qd2 Rd8 46. Qf4 {[%emt 0:02:43] Weighted Error Value: White=0.19 (very precise) /Black=0.22 (precise)} 1/2-1/2

[Event "Swedish Championship 2022"]
[Site "Uppsala"]
[Date "2022.07.06"]
[Round "5.4"]
[White "Carlsson, Ludvig"]
[Black "Seo, Jung Min"]
[Result "0-1"]
[ECO "C47"]
[WhiteElo "2399"]
[BlackElo "2492"]
[Annotator "TA"]
[PlyCount "106"]
[EventDate "2022.07.01"]
[EventType "tourn"]
[EventCountry "SWE"]
[SourceTitle "playchess.com"]
[Source "ChessBase"]
[SourceQuality "1"]
[TimeControl "40/5400+30:1800+30"]

1. e4 e5 2. Nf3 Nc6 3. Nc3 Nf6 4. d4 exd4 5. Nxd4 Bb4 6. Nxc6 bxc6 7. Bd3 O-O 8. O-O d5 9. Bd2 Rb8 {[%emt 0:05:24] C47: Scotch Four Knights and Four Knights with 4 g3.} 10. Re1 Re8 {[%emt 0:01:57] 10...Bg4 might become the main line.} 11. a3 {[%emt 0:03:17] [#]} Be7 $146 {[%emt 0:02:26] The position is equal.} ({Predecessor:} 11... Bd6 12. h3 Rxb2 13. exd5 cxd5 14. Nb5 Ne4 15. Nxd6 Qxd6 16. Bb4 Qf6 17. Qf3 Bf5 18. Bxe4 dxe4 19. Bc3 Qc6 20. Qg3 {1-0 (20) Kryvoruchko,Y (2699)-Banusz,T (2631) Tornelo INT 2021}) 12. e5 Nd7 13. b4 (13. Qh5 g6 14. Qf3 Bg5 15. Bxg5 Qxg5 $17) 13... Bf8 14. f4 (14. Qh5 g6 15. Qg5 Qxg5 16. Bxg5 Rxe5 $17) 14... c5 15. Kh1 c6 16. Qf3 cxb4 17. axb4 Bxb4 18. Rxa7 Rb7 (18... Qh4 $11) 19. Rxb7 $1 $16 Bxb7 20. Qg3 (20. Rb1 $14 c5 21. Nb5) 20... Be7 21. Qh3 Nf8 22. Qg4 Nd7 (22... Bc8 $5 23. f5 Bc5 $14) 23. f5 (23. Na4 $5 ) 23... Bf8 24. Qg3 d4 $2 (24... Nc5 $11 {and Black is okay.}) 25. Nd1 $2 (25. e6 $18 {Intending exf7+ and mate.} fxe6 26. Ne4 (26. fxe6 Nc5 $14)) 25... Nc5 $14 26. Nf2 {[%emt 0:10:19] Strongly threatening Bc4.} (26. Bc4 {feels hotter.} Ba6 27. Bxa6 Nxa6 28. Nf2) 26... Nxd3 27. cxd3 {[%emt 0:00:07] Threatens to win with Ne4.} c5 28. Ng4 {[%emt 0:00:33] aiming for Nh6+.} Kh8 29. h4 Qd5 (29... h5 $14 30. Nf2 Be7) 30. Bg5 $2 (30. h5 $1 $16 ) 30... Ra8 {[%emt 0:04:47] [#]} (30... h5 $1 $11 {keeps the balance.} 31. Nf2 Qd7) 31. Nf6 $1 $16 Qc6 32. Ne4 (32. Nh5 $16) 32... c4 33. f6 {[%emt 0:00:24] Hoping for dxc4.} cxd3 34. fxg7+ {[%emt 0:01:28][%mdl 64] Remove Defender} Bxg7 {[%emt 0:00:02] This bishop pair is nice.} 35. Nd6 ({Avoid the trap} 35. Bf6 $2 Bxf6 36. Nd6 (36. exf6 $2 Rg8 $17) 36... Qxg2+ $1 37. Qxg2 Bxg2+ 38. Kxg2 Ra2+ 39. Kh3 Bg7 $19) 35... Qd7 (35... Ra2 $2 36. Nxb7 d2 {[#]} 37. Rd1 $1 $18) (35... Qd5 $1 $11) 36. Rb1 d2 $1 37. Bxd2 Bd5 38. Bg5 {[%emt 0:00:44] Threatening mate with Bf6.} Rg8 39. Rf1 (39. Rb5 $11 Qe6 40. h5) 39... h6 $1 $15 40. Rf2 $2 {[%emt 0:01:34][%mdl 8192] This move loses the game for White.} hxg5 $19 41. hxg5 (41. Nf5 $142 Qa4 42. Rf1) 41... Ra8 42. e6 Bxe6 43. Rf6 Rd8 44. Ne4 d3 {[%emt 0:02:20] And now ...d2 would win.} 45. Rf1 Qd4 (45... d2 {is a self mate.} 46. Nf6 Bxf6 47. gxf6 Bg4 48. Qh4+) 46. Nf6 Bxf6 47. gxf6 Qg4 48. Qc7 Qh4+ 49. Kg1 Rg8 50. Rf4 Qe1+ 51. Rf1 Qg3 (51... Qe3+ $142 52. Kh1 Rg6 53. Qh2+ Rh6 54. Qxh6+ Qxh6+ 55. Kg1 d2 56. Rb1 Qf4 57. Rf1 Qg3 58. Rd1 Qe1+ 59. Rxe1 dxe1=Q+ 60. Kh2 Bg4 61. g3 Qf2+ 62. Kh1 Bf3#) 52. Qc6 Bh3 53. Qd5 Qxg2+ {[%emt 0:00:00] Weighted Error Value: White=0.78/Black=0.43} 0-1

[Event "Swedish Championship 2022"]
[Site "Uppsala"]
[Date "2022.07.06"]
[Round "5.5"]
[White "Jogstad, Martin"]
[Black "Hillarp Persson, Tiger"]
[Result "0-1"]
[ECO "E24"]
[WhiteElo "2384"]
[BlackElo "2516"]
[Annotator "TA"]
[PlyCount "94"]
[EventDate "2022.07.01"]
[EventType "tourn"]
[EventCountry "SWE"]
[SourceTitle "playchess.com"]
[Source "ChessBase"]
[SourceQuality "1"]
[TimeControl "40/5400+30:1800+30"]

1. d4 Nf6 2. c4 e6 3. Nc3 Bb4 4. a3 Bxc3+ 5. bxc3 c5 6. f3 Nc6 $1 {[%emt 0:00:34][%mdl 4] now scores much better than the old 6...d5.} 7. e4 e5 {[%emt 0:01:17] E24: Nimzo-Indian: Sämisch: Unusual Black 5th moves and 5...c5 sidelines.} (7... d6 $15) 8. d5 Na5 9. Bd3 d6 {[%emt 0:01:08] The position is equal.} 10. Ne2 b6 11. Ng3 {[%emt 0:02:32] [#]} Kd7 $146 ({Predecessor:} 11... Qe7 12. O-O g6 13. Bh6 Nd7 14. Rf2 Ba6 15. Qe2 Qh4 16. Be3 O-O-O 17. Nf1 f5 18. exf5 Bxc4 {0-1 (47) Lodici,L (2545)-Klekowski,M (2483) Montesilvano 2022}) 12. O-O Ne8 13. f4 {[%emt 0:07:00] Threatens to win with fxe5.} f6 14. Nf5 Kc7 15. Ne3 Rb8 16. g4 exf4 17. Rxf4 Rb7 18. Ra2 Kb8 19. Rg2 Re7 20. h4 Re5 21. Nf5 h6 {[%emt 0:02:40] [#]} (21... g5 $11 22. Rff2 (22. hxg5 fxg5 23. Rf1 h6 $11) 22... Bxf5 23. exf5 h6) 22. Rf1 ({White should try} 22. h5 $1 $16) 22... g5 $1 $14 23. Ne3 Rh7 24. Bd2 Rhe7 25. Qf3 Qd7 26. Nf5 Ba6 27. Nxh6 {[%emt 0:04:36] Black must now prevent hxg5.} Bxc4 {[%emt 0:01:26] [#]} (27... Nxc4 $16 {was necessary.} 28. Bc1 gxh4) 28. Nf5 (28. hxg5 $1 $18 fxg5 29. Nf5) 28... gxh4 $16 29. Nxe7 Qxe7 30. Re1 {[%emt 0:01:30] And now Bxc4 would win.} Qd7 (30... Bxd5 $1 $14 31. Rh2 Bc4) 31. Bf4 Re7 32. Kh2 ({White should play} 32. g5 $16) 32... Bxd3 $2 (32... Bxd5 $1 $11 {and Black stays safe.} 33. g5 fxg5 34. Rxg5 (34. Bxg5 Rf7 $11) 34... Be6) 33. Qxd3 $18 Qa4 (33... Kb7 $16 34. g5 fxg5 35. Bxg5 Rg7) 34. g5 fxg5 35. Bxg5 Rg7 36. e5 $4 {[%emt 0:01:14][%mdl 8192] [#]} ({Don't take} 36. Bxh4 $6 Rh7 37. Rg4 Nf6 $16) (36. Rf1 $18) 36... Rxg5 $1 $19 {[%emt 0:00:08][%mdl 512] The board is on fire.} 37. Re4 {[%emt 0:00:38] Prevents Qf4+.} Rxg2+ 38. Kxg2 c4 ({Worse is} 38... Qxa3 39. Rxh4 Qb2+ 40. Kh3) 39. Qd4 (39. Qe2 {keeps fighting.}) 39... Qc2+ 40. Kh3 Nb3 41. Qxc4 (41. Qe3 $142 Nc5 42. Rxc4) 41... Nd2 42. Qa4 Qd3+ 43. Kh2 Qg3+ {[%emt 0:00:11] Black mates.} 44. Kh1 Qf3+ 45. Kh2 Qf2+ 46. Kh1 Qf1+ 47. Kh2 Nf3# {[%emt 0:00:56] Weighted Error Value: White=0.72/Black=0.22 (precise)} 0-1

[Event "Swedish Championship 2022"]
[Site "Uppsala"]
[Date "2022.07.07"]
[Round "6.1"]
[White "Westerberg, Jonathan"]
[Black "Johansson, Linus"]
[Result "1/2-1/2"]
[ECO "A13"]
[WhiteElo "2476"]
[BlackElo "2468"]
[Annotator "TA"]
[PlyCount "105"]
[EventDate "2022.07.01"]
[EventType "tourn"]
[EventCountry "SWE"]
[SourceTitle "playchess.com"]
[Source "ChessBase"]
[SourceQuality "1"]
[TimeControl "40/5400+30:1800+30"]

1. Nf3 d5 2. c4 e6 3. g3 Nf6 4. Bg2 d4 5. O-O c5 6. e3 Nc6 7. exd4 cxd4 8. d3 Bd6 {[%emt 0:00:23] A13: English Opening: 1...e6.} 9. Na3 O-O 10. Nc2 e5 11. Rb1 {[%emt 0:07:15] [#]} (11. b4 $5) 11... Rb8 $146 ({Predecessor:} 11... a5 12. a3 a4 13. b4 axb3 14. Rxb3 Nd7 15. Rb5 Nc5 16. Re1 Bf5 17. Bf1 h6 {½-½ (24) Andriasian,Z (2609)-Bok,B (2572) Groningen 2014}) 12. Bg5 h6 13. Bxf6 Qxf6 14. b4 Bg4 15. a3 Rbd8 16. Nce1 e4 (16... Bb8 $15) 17. dxe4 $11 d3 18. h3 ({Not} 18. Nxd3 $2 Nd4 19. Nde1 (19. e5 $2 Bxe5 20. Nfxe5 Bxd1 $19) 19... Bb8 $19) 18... Bh5 19. Qd2 (19. Nxd3 Bc7 20. g4 Bg6 $15) 19... Rfe8 20. c5 ({Don't play} 20. b5 Nd4 21. Nxd4 Qxd4 22. Qxd3 Qxd3 23. Nxd3 Be2 $15) 20... Bf8 21. Rb3 Bg6 22. Rxd3 Bxe4 23. Rxd8 Rxd8 24. Qe3 Bh7 25. Nd2 a5 26. Ne4 Qb2 27. bxa5 Nxa5 28. Nd6 {[%emt 0:00:32] Against Nc4} Bg6 29. Nf3 {[%emt 0:01:57] [#] Black must now prevent Ne5.} ({Much worse is} 29. Nd3 Qxa3 30. Nf4 Qxe3 31. fxe3 Bxd6 32. cxd6 Rxd6 $15) 29... Bxd6 30. cxd6 Rxd6 31. Qc5 Qb6 32. Rc1 Qxc5 (32... Rd1+ $5 33. Kh2 Qxc5 34. Rxc5 Nc6 $11) 33. Rxc5 Nc6 34. Nh4 Rd1+ 35. Kh2 Rd2 ({Black should play} 35... Bh7 $11) 36. Nxg6 $14 fxg6 {[%emt 0:00:09][%mdl 4096] Endgame KRB-KRN} 37. Bd5+ Kf8 38. Kg2 Rd3 39. Rb5 Nd8 40. a4 b6 41. Be4 Rd6 {[%emt 0:30:07] The position is equal.} 42. Rd5 Rxd5 43. Bxd5 $11 {[%emt 0:00:00] KB-KN} Ke7 44. Be4 g5 45. Kf3 Ne6 46. Ke3 Kd6 47. Bf5 Ke5 48. Bxe6 Kxe6 49. Ke4 g6 50. f3 Kd6 {[%emt 0:00:00] [#] aiming for ...Kc5.} 51. Kd4 Ke6 52. Kc4 {[%emt 0:06:29] Strongly threatening Kb5.} Kd6 $1 53. Kd4 {[%emt 0:00:00] Weighted Error Value: White=0.06 (flawless) /Black=0.08 (flawless)} 1/2-1/2

[Event "Swedish Championship 2022"]
[Site "Uppsala"]
[Date "2022.07.07"]
[Round "6.2"]
[White "Cramling, Pia"]
[Black "Seo, Jung Min"]
[Result "1/2-1/2"]
[ECO "D38"]
[WhiteElo "2459"]
[BlackElo "2492"]
[Annotator "TA"]
[PlyCount "53"]
[EventDate "2022.07.01"]
[EventType "tourn"]
[EventCountry "SWE"]
[SourceTitle "playchess.com"]
[Source "ChessBase"]
[SourceQuality "1"]
[TimeControl "40/5400+30:1800+30"]

1. d4 Nf6 2. c4 e6 3. Nf3 d5 4. Nc3 Bb4 5. Bg5 h6 6. Bxf6 Qxf6 7. Qb3 c5 8. cxd5 exd5 9. e3 O-O 10. dxc5 Bxc3+ 11. Qxc3 Qxc3+ 12. bxc3 Nd7 {[%emt 0:00:14] D38: Queen's Gambit Declined: Ragozin Defence (4 Nf3 Bb4).} 13. c6 bxc6 14. c4 dxc4 {[%emt 0:04:55] [#] The position is equal.} 15. Bxc4 $146 ({Predecessor:} 15. Rc1 Nb6 16. Ne5 Be6 17. Bxc4 Nxc4 18. Nxc4 Rfb8 19. O-O Rb4 20. Ne5 Ra4 21. Nxc6 Rxa2 {½-½ (30) Petriashvili,N (2441)-Yilmaz,M (2595) Batumi 2019}) 15... Nb6 16. Bb3 Bf5 (16... Ba6 $11) 17. Rc1 (17. Nd4 $5 Be4 18. f3 $14) 17... Be4 18. O-O Rac8 19. Rc5 Bxf3 20. gxf3 Rc7 21. Rfc1 Rfc8 $1 22. f4 Nd7 23. Rf5 {[%emt 0:07:31] White is more active.} Nb6 24. Rfc5 Nd7 25. Rf5 Nb6 $1 26. Rfc5 Nd7 27. Rf5 {[%emt 0:01:26] Weighted Error Value: White=0.17 (very precise) /Black=0.11 (very precise)} ({White should try} 27. R5c3 $14) 1/2-1/2

[Event "Swedish Championship 2022"]
[Site "Uppsala"]
[Date "2022.07.07"]
[Round "6.3"]
[White "Hillarp Persson, Tiger"]
[Black "Smith, Axel"]
[Result "1-0"]
[ECO "D33"]
[WhiteElo "2516"]
[BlackElo "2417"]
[Annotator "TA"]
[PlyCount "83"]
[EventDate "2022.07.01"]
[EventType "tourn"]
[EventCountry "SWE"]
[SourceTitle "playchess.com"]
[Source "ChessBase"]
[SourceQuality "1"]
[TimeControl "40/5400+30:1800+30"]

1. c4 e6 2. d4 d5 3. Nc3 c5 4. cxd5 exd5 5. Nf3 Nc6 6. g3 Nf6 7. Bg2 cxd4 8. Nxd4 Bc5 9. Nxc6 bxc6 10. O-O {[%emt 0:00:11] D33: Tarrasch Defence: 6 g3 sidelines.} O-O 11. Na4 Bb6 12. b3 {[%emt 0:06:01] White has an edge.} Re8 13. Nxb6 axb6 14. Bb2 {[%emt 0:00:21] [#]} Bf5 $146 ({Predecessor:} 14... h5 15. h4 Bg4 16. Re1 Qe7 17. Qc2 Rac8 18. Rac1 Qe6 19. Qd2 Qf5 20. b4 Ne4 {1-0 (43) Mindlin,A (2430)-Sirosh,I (2400) Chess.com INT 2020}) 15. Re1 Be4 16. f3 {[%emt 0:00:57] [#] aiming for Bxf6.} Bg6 17. a4 c5 18. e3 {[%emt 0:01:55] Against d4} Ra7 19. Qd2 h5 20. b4 Qa8 21. a5 bxa5 22. bxc5 a4 23. Ra3 Rb8 24. Bd4 Rb3 25. Rea1 Rxa3 26. Rxa3 Bf5 27. Bf1 {[%emt 0:03:14][%cal Oc5c6] And now c6! would win.} ({But not} 27. c6 Rc7 $11) 27... Qc6 {[%emt 0:00:40] [#] Black cannot hold the game after this.} (27... Rb7 $16) 28. Qb4 $1 $18 {[%emt 0:00:47] Strongly threatening Qb8+.} Bc8 (28... Ne8 {was worth a try.} 29. Bb5 Qe6 30. Rxa4 Rb7) 29. Bb5 {[%emt 0:02:34] This bishop pair is nice.} Qe6 30. Rxa4 Rxa4 31. Qxa4 h4 (31... Nh7 {keeps fighting.} 32. Qa8 Qf5) 32. Bf1 (32. g4 $142) 32... hxg3 33. hxg3 Nh5 $2 (33... Bd7 34. Qa1 Bc6) 34. g4 Ng3 (34... Nf6 $142 35. Qa8 Qe8) 35. Bd3 Ne4 36. fxe4 Qxg4+ 37. Kf2 Qh4+ 38. Ke2 {[%emt 0:00:22] Qe8+ would kill now.} Bg4+ 39. Kd2 {[%emt 0:00:10] White threatens Qe8+ and mate.} dxe4 40. Qe8+ {[%emt 0:00:45] White mates.} Kh7 41. Qxf7 exd3 42. Qxg7# {[%emt 0:01:05] Weighted Error Value: White=0.12 (very precise) /Black=0.55} 1-0

[Event "Swedish Championship 2022"]
[Site "Uppsala"]
[Date "2022.07.07"]
[Round "6.4"]
[White "Hector, Jonny"]
[Black "Carlsson, Ludvig"]
[Result "1-0"]
[ECO "B96"]
[WhiteElo "2441"]
[BlackElo "2399"]
[Annotator "TA"]
[PlyCount "37"]
[EventDate "2022.07.01"]
[EventType "tourn"]
[EventCountry "SWE"]
[SourceTitle "playchess.com"]
[Source "ChessBase"]
[SourceQuality "1"]
[TimeControl "40/5400+30:1800+30"]

1. e4 c5 2. Nf3 d6 3. d4 cxd4 4. Nxd4 Nf6 5. Nc3 a6 6. Bg5 e6 7. f4 Nbd7 8. Qf3 Qc7 9. Bd3 {[%emt 0:03:34] B96: Sicilian Najdorf: 6 Bg5 e6 7 f4, lines other than 7...Qb6 and 7...Be7.} b5 10. a3 Qb6 11. Bh4 $1 {[%emt 0:04:14][%cal Bg5h4,Bh4f2,Bf2g3][%mdl 32] The position is equal.} Bb7 (11... Qxd4 $2 12. Bf2 Qxf2+ 13. Qxf2 $18) 12. Bf2 {[%emt 0:03:30][%cal Od4e6] Nxe6! is the strong threat.} Qc7 {[%emt 0:01:23] [#]} 13. g4 $146 ({Predecessor:} 13. O-O Be7 14. Rae1 Nc5 15. Kh1 h5 16. Bh4 Nxd3 17. cxd3 Kf8 18. Qh3 Ng4 19. Bg5 {½-½ (34) Srba,M (2177)-Fajman,P (2225) Czech Republic 2018}) 13... d5 (13... e5 $11) 14. e5 $36 {[%emt 0:03:50][%mdl 2048] Black is under strong pressure. White is more active.} Nxe5 15. fxe5 $18 Nd7 (15... Qxe5+ $142 16. Be2 Be7) 16. Bg3 {[%emt 0:10:24] aiming for 0-0.} Nxe5 17. Qe2 Bd6 {[%emt 0:01:07] [#]} (17... Nxd3+ $142 18. Qxd3 (18. cxd3 Qd8 $16) 18... Qd7) 18. Bxb5+ $1 Kf8 {[%emt 0:01:51] [#]} (18... axb5 19. Ncxb5) 19. O-O-O $1 {[%emt 0:05:58] Black did not feel at home in the position after the opening.  Weighted Error Value: White=0.02 (flawless) /Black=0.36} 1-0

[Event "Swedish Championship 2022"]
[Site "Uppsala"]
[Date "2022.07.07"]
[Round "6.5"]
[White "Blomqvist, Erik"]
[Black "Jogstad, Martin"]
[Result "1-0"]
[ECO "B12"]
[WhiteElo "2521"]
[BlackElo "2384"]
[Annotator "TA"]
[PlyCount "69"]
[EventDate "2022.07.01"]
[EventType "tourn"]
[EventCountry "SWE"]
[SourceTitle "playchess.com"]
[Source "ChessBase"]
[SourceQuality "1"]
[TimeControl "40/5400+30:1800+30"]

1. e4 c6 2. d4 d5 3. e5 Bf5 4. h4 h5 5. c4 e6 6. Nc3 dxc4 7. Bxc4 Nd7 8. Nge2 Nh6 {[%emt 0:06:54] B12: Caro-Kann: Advance Variation.} 9. Ng3 ({White should play} 9. Bg5 $14 Be7 10. Qd2) 9... Bg6 $1 $11 10. Be2 {[%emt 0:10:27] [#]} Qb6 $146 {[%emt 0:34:31] The position is equal.} ({Predecessor:} 10... Nf5 11. Nxf5 Bxf5 12. Bxh5 c5 13. Be3 Qb6 14. dxc5 Nxc5 15. Be2 Be7 16. Bb5+ Kf8 {1-0 (29) Rychagov,M (2435)-Maki Uuro,M Stockholm 1990}) 11. a3 (11. Nxh5 Bxh5 12. Bxh5 Nf5 $17) 11... Rd8 (11... O-O-O $11 12. Na4 Qc7) 12. Bg5 $14 Be7 13. Na4 $36 {[%emt 0:04:47][%mdl 2048] White is pushing.} Qc7 {[%emt 0:03:19][%cal Od7e5] ...Nxe5! is the strong threat.} 14. Bxe7 (14. Bxh5 Nxe5 $1 15. Bxg6 Nxg6 $17) (14. Nxh5 Bxh5 15. Bxh5 Nxe5 $1 $17 ) 14... Kxe7 15. Qc1 ({Of course not} 15. Qd2 Nxe5 $1 16. Qb4+ (16. Nxh5 $2 Nf5 $19) 16... c5 17. Nxc5 Nc6 18. Qxb7 Qxb7 19. Nxb7 Rb8 $15) 15... Qa5+ 16. Nc3 Qb6 {[%emt 0:00:10] [#] Black is now going downhill.} ({Black should try} 16... Kf8 $14) 17. Qg5+ $1 $16 Ke8 (17... Kf8 $16) 18. O-O-O $18 Nf8 (18... Qb3 $142 19. Rd2 Nb6) 19. Bxh5 ({Weaker is} 19. Nxh5 Nf5 $16) 19... Nh7 20. Qf4 Bxh5 21. Nxh5 Nf5 22. g4 Rxd4 $2 (22... Nxd4 23. Nxg7+ Ke7) 23. Rxd4 Nxd4 24. Rd1 c5 25. Nxg7+ Ke7 {[%emt 0:02:23] [#]} 26. Nf5+ $1 exf5 {[%emt 0:01:14] [#]} (26... Nxf5 27. gxf5) 27. Rxd4 $1 Qa6 (27... Rd8 28. Nd5+) 28. Rd6 Qf1+ 29. Rd1 Qa6 30. gxf5 (30. Nd5+ $142 Kd7 31. Nb4+ Qd6 32. e6+ Ke7 33. Rxd6 fxe6 {[#]} 34. Nd5+ $1 Kf8 35. Qh6+ Kf7 36. Rd7+ Ke8 37. Qxe6+ Kf8 38. Qf7#) 30... Rd8 31. Nd5+ Kf8 32. e6 {[%emt 0:00:30] White mates.} Kg8 33. Ne7+ Kg7 34. Rxd8 f6 35. Rg8# {[%emt 0:00:14] Weighted Error Value: White=0.09 (flawless) /Black=0.85} 1-0